Bruins vs Sabres

Created - 19 décembre 2017 at 15:55

Goals
1 2 3 T
Bruins 0 0 1 1
Sabres 1 1 1 3
Shots
1 2 3 T
Bruins 14 12 10 36
Sabres 15 10 16 41

1st period

1. Sabres , Daniel Briere 21 (Darren Helm 15, Brent Seabrook 21) at 18:09

Penalties :
Travis Moen (BOS) for Interference (Minor) at 6:44, Radko Gudas (BUF) for Slashing (Minor) at 18:55

2nd period

2. Sabres , Alexander Frolov 18 (J.P. Dumont 14, Brent Seabrook 22) at 7:16

Penalties :
Mike Iggulden (BUF) for Tripping (Minor) at 11:23, Charlie Coyle (BOS) for High sticking (Minor) at 14:15, Radko Gudas (BUF) for Interference (Minor) at 16:57, Travis Moen (BOS) for Goalie Interference (Minor) at 19:24

3rd period

3. Sabres , Andrej Sekera 6 (J.P. Dumont 15, Dougie Hamilton 15) at 1:14 (PP)
4. Bruins , John Tavares 14 (Dion Phaneuf 18, Phil Kessel 13) at 19:27 (PP)

Penalties :
Daniel Briere (BUF) for Interference (Minor) at 4:13, Dion Phaneuf (BOS) for Roughing (Minor) at 6:29, Brent Seabrook (BUF) for High sticking (Double Minor) at 18:28

Goalie Stats

Tuukka Rask (BOS), 38 saves from 41 shots - (0,927), L, 18-9-5, 60:00 minutes
Jake Allen (BUF), 35 saves from 36 shots - (0,972), W, 11-3-3, 60:00 minutes

Players Stats for Bruins

Player Name              G  A  P  +/- PIM S  H  SB GA TA FO     MP     PP MP  PK MP  
------------------------------------------------------------------------------------
Alex Goligoski           0  0  0  -1  0   3  2  1  0  0  0/0    20:01   3:17   3:33 
Brad Marchand            0  0  0  -1  0   7  5  0  0  0  0/1    17:35   4:19   0:00 
Brent Burns              0  0  0   0  0   0  2  2  0  0  0/0    27:33   6:10   4:14 
Charlie Coyle            0  0  0   0  2   0  0  0  0  0  2/7     6:45   0:00   0:00 
Dale Weise               0  0  0  -1  0   1  0  0  0  0  0/0     9:15   0:00   0:00 
Dion Phaneuf             0  1  1  -1  2   8  4  3  0  0  0/0    21:28   6:10   2:53 
Dmitri Kalinin           0  0  0  -1  0   2  0  2  0  0  0/0    14:01   0:00   0:50 
Filip Forsberg           0  0  0  -1  0   0  0  0  0  0  4/14   11:26   0:00   2:11 
Jeff Tambellini          0  0  0   0  0   0  0  0  0  0  0/1     6:46   0:00   0:00 
John Tavares             1  0  1   0  0   3  2  0  0  0  17/32  23:24   4:19   5:36 
Kyle Turris              0  0  0  -1  0   0  1  0  0  0  18/36  23:21   4:29   5:36 
Phil Kessel              0  1  1  -1  0   4  0  0  0  0  0/2    17:35   4:19   0:00 
Rickard Rakell           0  0  0   0  0   1  0  0  0  0  1/2     7:25   0:39   0:00 
Ryan McDonagh            0  0  0   0  0   1  3  0  0  0  0/0    24:30   3:17   4:04 
Scott Gomez              0  0  0   0  0   3  0  0  0  0  0/0    20:48   5:08   2:11 
Tommy Cross              0  0  0  -1  0   0  0  0  0  0  0/0    12:26   0:00   0:00 
Travis Moen              0  0  0  -1  4   1  5  0  0  0  0/0     9:13   0:00   0:00 
Tyler Seguin             0  0  0   0  0   2  3  0  0  0  1/2    18:37   5:08   0:00 

Players Stats for Sabres

Player Name              G  A  P  +/- PIM S  H  SB GA TA FO     MP     PP MP  PK MP  
------------------------------------------------------------------------------------
Alexander Frolov         1  0  1   1  0   4  0  0  0  0  12/21  18:38   4:19   0:26 
Andrej Sekera            1  0  1   0  0   3  1  0  0  0  0/0    14:27   3:05   0:00 
Brent Seabrook           0  2  2   2  4   2  2  0  0  0  0/0    23:10   4:42   2:58 
Connor Murphy            0  0  0   2  0   0  1  3  0  0  0/0    26:18   4:42   6:05 
Cory Conacher            0  0  0   0  0   0  0  1  0  0  0/0     4:32   0:32   0:00 
Daniel Briere            1  0  1   1  2   9  4  0  0  0  19/28  25:19   3:28   4:17 
Darren Helm              0  1  1   1  0   0  0  0  0  0  1/2    13:35   0:00   0:00 
Dougie Hamilton          0  1  1   0  0   2  4  0  0  0  0/0    23:15   3:05   3:31 
J.P. Dumont              0  2  2   1  0   2  0  0  0  0  1/5    23:24   3:28   6:03 
James Van Riemsdyk       0  0  0   1  0   5  3  0  0  0  3/5    17:21   3:28   0:00 
Janne Lahti              0  0  0   0  0   1  0  0  0  0  1/1     4:00   0:00   0:00 
Jonathan Blum            0  0  0   0  0   0  0  1  0  0  0/0    10:36   0:00   0:00 
Mike Iggulden            0  0  0   0  2   1  1  1  0  0  0/0    11:17   0:00   0:00 
Milan Lucic              0  0  0   0  0   3  0  0  0  0  1/5    19:19   3:47   4:14 
Nicklas Backstrom        0  0  0   1  0   4  0  1  0  0  6/16   21:48   4:19   3:54 
Olli Maata               0  0  0   0  0   0  0  0  0  0  0/0    11:13   0:00   5:56 
Radko Gudas              0  0  0   0  4   0  7  0  0  0  0/0    10:58   0:00   0:24 
Victor Rask              0  0  0   0  0   5  0  1  0  0  10/14  11:18   0:00   0:00 

3 Stars

1 - Jake Allen (BUF)
2 - Daniel Briere (BUF)
3 - J.P. Dumont (BUF)

Power Play

Bruins - 1 on 6 Attempt(s) - 16,67%
Sabres - 1 on 4 Attempt(s) - 25,00%

Penalty Kill

Bruins - 3 on 4 Attempt(s) - 75,00% - Score 0 goal in Penalty Kill
Sabres - 5 on 6 Attempt(s) - 83,33% - Score 0 goal in Penalty Kill

Team Stat

Bruins - Hits : 27 - Faceoff Wins : 43 - Blocked Shots : 8 - Penalty Minutes : 8
Sabres - Hits : 23 - Faceoff Wins : 54 - Blocked Shots : 8 - Penalty Minutes : 12

Official

Referees : Kelly Sutherland and Justin StPierre
Linesman : Brandon Gawryletz and Ian McCambridge

Game Notes

No Game Note

Finance

Level 1 -- Attendance: 6237 (99,79%) -- Ticket Income 592 515 $
Level 2 -- Attendance: 5106 (97,26%) -- Ticket Income 306 360 $
Level 3 -- Attendance: 2741 (84,34%) -- Ticket Income 87 712 $
Level 4 -- Attendance: 4250 (100,00%) -- Ticket Income 85 000 $
Luxury Box -- Attendance: 1265 (100,00%) -- Ticket Income 253 000 $
Game was played at the MTS Centre.
Total Attendance: 19599 (96,71%)
Total Ticket Income: 1 324 587 $
Other Income: 649 048 $
Total Income: 1 973 635 $

Bruins

5 vs 5 Forward 
   Center                   Left Wing                Right Wing               Time % Phy DF OF 
 1 John Tavares             Scott Gomez              Tyler Seguin             37     1   2  2  
 2 Kyle Turris              Brad Marchand            Phil Kessel              36     1   2  2  
 3 Filip Forsberg           Travis Moen              Dale Weise               17     1   2  2  
 4 Charlie Coyle            Jeff Tambellini          Rickard Rakell           10     1   2  2  

5 vs 5 Defense 
   Defense                  Defense                                           Time % Phy DF OF 
 1 Brent Burns              Ryan McDonagh                                     40     1   2  2  
 2 Dion Phaneuf             Tommy Cross                                       30     1   2  2  
 3 Dmitri Kalinin           Alex Goligoski                                    20     1   2  2  
 4 Brent Burns              Ryan McDonagh                                     10     1   2  2  

PowerPlay Forward 
   Center                   Left Wing                Right Wing               Time % Phy DF OF 
 1 Kyle Turris              Scott Gomez              Tyler Seguin             60     1   2  2  
 2 John Tavares             Brad Marchand            Phil Kessel              40     1   2  2  

PowerPlay Defense
   Defense                  Defense                                           Time % Phy DF OF 
 1 Brent Burns              Dion Phaneuf                                      60     1   2  2  
 2 Ryan McDonagh            Alex Goligoski                                    40     1   2  2  

Penalty Kill 4 Players Forward 
   Center                   Wing                     Time % Phy DF OF 
 1 Kyle Turris              John Tavares             60     1   2  2  
 2 Scott Gomez              Filip Forsberg           40     1   2  2  

Penalty Kill 4 Players Defense
   Defense                  Defense                  Time % Phy DF OF 
 1 Brent Burns              Dion Phaneuf             60     1   2  2  
 2 Ryan McDonagh            Alex Goligoski           40     1   2  2  

Penalty Kill - 3 Players Forward 
   Forward                                           Time % Phy DF OF 
 1 Kyle Turris                                       60     1   2  2  
 2 Scott Gomez                                       40     1   2  2  

Penalty Kill - 3 Players Defense
   Defense                  Defense                  Time % Phy DF OF 
 1 Brent Burns              Alex Goligoski           60     1   2  2  
 2 Ryan McDonagh            Dion Phaneuf             40     1   2  2  

4 vs 4 Forward 
   Center                   Wing                     Time % Phy DF OF 
 1 John Tavares             Tyler Seguin             60     1   2  2  
 2 Scott Gomez              Brad Marchand            40     1   2  2  

4 vs 4 Defense
   Defense                  Defense                  Time % Phy DF OF 
 1 Dion Phaneuf             Alex Goligoski           60     1   2  2  
 2 Ryan McDonagh            Brent Burns              40     1   2  2  

Last Minutes Offensive
   Center                   Left Wing                Right Wing               Defense                  Defense                  
   John Tavares             Phil Kessel              Scott Gomez              Brent Burns              Alex Goligoski           

Last Minutes Defensive
   Center                   Left Wing                Right Wing               Defense                  Defense                  
   Kyle Turris              Scott Gomez              Brad Marchand            Ryan McDonagh            Dion Phaneuf             

Goaltenders
Starting : Tuukka Rask              
Backup : Dany Sabourin            

Extra Forwards
Normal : Kyle Turris, Scott Gomez, Brad Marchand - PP : Kyle Turris, Scott Gomez - PK : Brad Marchand
Extra Defensemen
Normal : Ryan McDonagh, Brent Burns, Alex Goligoski - PP : Ryan McDonagh - PK : Ryan McDonagh, Brent Burns
Penalty Shots
John Tavares, Kyle Turris, Phil Kessel, Scott Gomez, Brad Marchand
Custom OT Lines Forwards
Kyle Turris, Tyler Seguin, Scott Gomez, Brad Marchand, John Tavares, Filip Forsberg, Phil Kessel, Jeff Tambellini, Dale Weise, Travis Moen
Custom OT Lines Defensemen
Dmitri Kalinin, Dion Phaneuf, Ryan McDonagh, Brent Burns, Alex Goligoski

Scratches
Cody Franson (Sprained Left Finger Injury), Ryan O'Marra (Healthy), Marc Cheverie (Healthy)

Sabres

5 vs 5 Forward 
   Center                   Left Wing                Right Wing               Time % Phy DF OF 
 1 Daniel Briere            Nicklas Backstrom        Darren Helm              40     0   2  3  
 2 Alexander Frolov         James Van Riemsdyk       J.P. Dumont              30     0   2  3  
 3 Victor Rask              Milan Lucic              Mike Iggulden            20     0   2  3  
 4 Daniel Briere            Janne Lahti              Cory Conacher            10     0   3  2  

5 vs 5 Defense 
   Defense                  Defense                                           Time % Phy DF OF 
 1 Connor Murphy            Brent Seabrook                                    40     0   4  1  
 2 Dougie Hamilton          Andrej Sekera                                     30     0   4  1  
 3 Dougie Hamilton          Olli Maata                                        20     0   4  1  
 4 Radko Gudas              Jonathan Blum                                     10     0   5  0  

PowerPlay Forward 
   Center                   Left Wing                Right Wing               Time % Phy DF OF 
 1 Nicklas Backstrom        Alexander Frolov         Milan Lucic              60     0   0  5  
 2 Daniel Briere            James Van Riemsdyk       J.P. Dumont              40     0   0  5  

PowerPlay Defense
   Defense                  Defense                                           Time % Phy DF OF 
 1 Connor Murphy            Brent Seabrook                                    60     0   1  4  
 2 Dougie Hamilton          Andrej Sekera                                     40     0   1  4  

Penalty Kill 4 Players Forward 
   Center                   Wing                     Time % Phy DF OF 
 1 Daniel Briere            J.P. Dumont              60     0   4  1  
 2 Nicklas Backstrom        Milan Lucic              40     0   4  1  

Penalty Kill 4 Players Defense
   Defense                  Defense                  Time % Phy DF OF 
 1 Connor Murphy            Olli Maata               60     0   5  0  
 2 Dougie Hamilton          Brent Seabrook           40     0   5  0  

Penalty Kill - 3 Players Forward 
   Forward                                           Time % Phy DF OF 
 1 Milan Lucic                                       60     0   5  0  
 2 Nicklas Backstrom                                 40     0   5  0  

Penalty Kill - 3 Players Defense
   Defense                  Defense                  Time % Phy DF OF 
 1 Connor Murphy            Olli Maata               60     0   5  0  
 2 Dougie Hamilton          Jonathan Blum            40     0   5  0  

4 vs 4 Forward 
   Center                   Wing                     Time % Phy DF OF 
 1 Milan Lucic              J.P. Dumont              60     0   2  3  
 2 James Van Riemsdyk       Nicklas Backstrom        40     0   2  3  

4 vs 4 Defense
   Defense                  Defense                  Time % Phy DF OF 
 1 Connor Murphy            Brent Seabrook           60     0   4  1  
 2 Dougie Hamilton          Radko Gudas              40     0   4  1  

Last Minutes Offensive
   Center                   Left Wing                Right Wing               Defense                  Defense                  
   Nicklas Backstrom        Alexander Frolov         Daniel Briere            Connor Murphy            Brent Seabrook           

Last Minutes Defensive
   Center                   Left Wing                Right Wing               Defense                  Defense                  
   Nicklas Backstrom        Alexander Frolov         Daniel Briere            Connor Murphy            Brent Seabrook           

Goaltenders
Starting : Jake Allen               
Backup : Michal Neuvirth          

Extra Forwards
Normal : J.P. Dumont, Nicklas Backstrom, Milan Lucic - PP : Milan Lucic, Nicklas Backstrom - PK : Milan Lucic
Extra Defensemen
Normal : Connor Murphy, Olli Maata, Dougie Hamilton - PP : Dougie Hamilton - PK : Connor Murphy, Dougie Hamilton
Penalty Shots
James Van Riemsdyk, J.P. Dumont, Milan Lucic, Nicklas Backstrom, Daniel Briere
Custom OT Lines Forwards
James Van Riemsdyk, Daniel Briere, Nicklas Backstrom, Darren Helm, Victor Rask, J.P. Dumont, Cory Conacher, Milan Lucic, Janne Lahti, Mike Iggulden
Custom OT Lines Defensemen
Jonathan Blum, Olli Maata, Dougie Hamilton, Connor Murphy, Brent Seabrook

Scratches
Brandon Pirri (Healthy), Jordan Nolan (Healthy)

% Time on Ice - Bruins

Lines # - Real PCT - Wanted PCT - Time Play
Normal Forward
1 - 32% - 37% - 13:29
2 - 31% - 36% - 13:16
3 - 22% - 17% - 9:15
4 - 16% - 10% - 6:46
Normal Defense
1 - 38% - 40% - 16:14
2 - 29% - 30% - 12:26
3 - 31% - 20% - 13:11
4 - 2% - 10% - 0:55
PP Forward
1 - 54% - 60% - 5:08
2 - 46% - 40% - 4:19
PP Defense
1 - 65% - 60% - 6:10
2 - 35% - 40% - 3:17
PK Forward
1 - 72% - 60% - 5:36
2 - 28% - 40% - 2:11
PK Defense
1 - 63% - 60% - 4:52
2 - 37% - 40% - 2:55
PK3 Forward
1 - 0% - 60%
2 - 0% - 40%
PK3 Defense
1 - 0% - 60%
2 - 0% - 40%
44 Forward
1 - 0% - 60%
2 - 0% - 40%
44 Defense
1 - 0% - 60%
2 - 0% - 40%
Last Minute Offensive  - 0:00
Last Minute Defensive  - 0:00
Total
Forward - 60:00
Defense - 60:00

% Time on Ice - Sabres

Lines # - Real PCT - Wanted PCT - Time Play
Normal Forward
1 - 32% - 40% - 13:35
2 - 32% - 30% - 13:53
3 - 26% - 20% - 11:18
4 - 9% - 10% - 4:00
Normal Defense
1 - 36% - 40% - 15:31
2 - 27% - 30% - 11:22
3 - 12% - 20% - 5:17
4 - 25% - 10% - 10:36
PP Forward
1 - 55% - 60% - 4:19
2 - 45% - 40% - 3:28
PP Defense
1 - 60% - 60% - 4:42
2 - 40% - 40% - 3:05
PK Forward
1 - 74% - 60% - 6:59
2 - 26% - 40% - 2:28
PK Defense
1 - 63% - 60% - 5:56
2 - 37% - 40% - 3:31
PK3 Forward
1 - 0% - 60%
2 - 0% - 40%
PK3 Defense
1 - 0% - 60%
2 - 0% - 40%
44 Forward
1 - 0% - 60%
2 - 0% - 40%
44 Defense
1 - 0% - 60%
2 - 0% - 40%
Last Minute Offensive  - 0:00
Last Minute Defensive  - 0:00
Total
Forward - 60:00
Defense - 60:00

Play by Play

1st period


0:01 of 1st period - Daniel Briere wins face-off versus John Tavares in neutral zone.
0:38 of 1st period - Shot by Scott Gomez.
0:38 of 1st period - Shot Misses the Net.
0:41 of 1st period - Icing by Connor Murphy.
0:42 of 1st period - Daniel Briere wins face-off versus Kyle Turris in Sabres zone.
0:47 of 1st period - Shot by Daniel Briere.
0:47 of 1st period - Shot Misses the Net.
0:49 of 1st period - Shot by Nicklas Backstrom.
0:49 of 1st period - Stopped by Tuukka Rask without a rebound.
0:50 of 1st period - J.P. Dumont wins face-off versus Brad Marchand in Bruins zone.
1:05 of 1st period - Shot by James Van Riemsdyk.
1:05 of 1st period - Stopped by Tuukka Rask without a rebound.
1:06 of 1st period - Filip Forsberg wins face-off versus Victor Rask in Bruins zone.
1:29 of 1st period - Victor Rask is hit by Dion Phaneuf and loses puck.
1:40 of 1st period - Shot by Milan Lucic.
1:40 of 1st period - Shot Misses the Net.
1:47 of 1st period - Icing by Travis Moen.
1:48 of 1st period - Alexander Frolov wins face-off versus Filip Forsberg in Bruins zone.
2:22 of 1st period - Icing by Dougie Hamilton.
2:23 of 1st period - Alexander Frolov wins face-off versus Rickard Rakell in Sabres zone.
2:25 of 1st period - Icing by Olli Maata.
2:26 of 1st period - John Tavares wins face-off versus James Van Riemsdyk in Sabres zone.
2:33 of 1st period - Shot by Scott Gomez.
2:33 of 1st period - Stopped by Jake Allen without a rebound.
2:34 of 1st period - Daniel Briere wins face-off versus Charlie Coyle in Sabres zone.
2:49 of 1st period - Shot by Daniel Briere.
2:49 of 1st period - Deflect By Janne Lahti.
2:49 of 1st period - Stopped by Tuukka Rask without a rebound.
2:50 of 1st period - Victor Rask wins face-off versus Kyle Turris in Bruins zone.
3:52 of 1st period - Shot by Alex Goligoski.
3:52 of 1st period - Stopped by Jake Allen without a rebound.
3:53 of 1st period - Daniel Briere wins face-off versus Jeff Tambellini in Sabres zone.
4:13 of 1st period - Shot by Darren Helm.
4:13 of 1st period - Shot Misses the Net.
4:23 of 1st period - Shot by Darren Helm.
4:23 of 1st period - Shot Blocked by Dion Phaneuf.
4:25 of 1st period - Shot by Connor Murphy.
4:25 of 1st period - Shot Misses the Net.
4:27 of 1st period - Shot by Daniel Briere.
4:27 of 1st period - Stopped by Tuukka Rask without a rebound.
4:28 of 1st period - Alexander Frolov wins face-off versus John Tavares in Bruins zone.
4:31 of 1st period - Shot by James Van Riemsdyk.
4:31 of 1st period - Stopped by Tuukka Rask without a rebound.
4:32 of 1st period - James Van Riemsdyk wins face-off versus John Tavares in Bruins zone.
4:53 of 1st period - Shot by James Van Riemsdyk.
4:53 of 1st period - Shot Misses the Net.
5:07 of 1st period - Shot by James Van Riemsdyk.
5:07 of 1st period - Deflect By Alexander Frolov.
5:07 of 1st period - Stopped by Tuukka Rask without a rebound.
5:08 of 1st period - Daniel Briere wins face-off versus Kyle Turris in Bruins zone.
5:11 of 1st period - Shot by Nicklas Backstrom.
5:11 of 1st period - Shot Blocked by Dmitri Kalinin.
5:43 of 1st period - Shot by Kyle Turris.
5:43 of 1st period - Shot Misses the Net.
5:46 of 1st period - Brad Marchand is hit by Brent Seabrook and loses puck.
6:29 of 1st period - Shot by Victor Rask.
6:29 of 1st period - Stopped by Tuukka Rask without a rebound.
6:30 of 1st period - Filip Forsberg wins face-off versus Alexander Frolov in Bruins zone.
6:39 of 1st period - Shot by Filip Forsberg.
6:39 of 1st period - Shot Misses the Net.
6:44 of 1st period - Minor Penalty to Travis Moen for Interference.
6:45 of 1st period - Nicklas Backstrom wins face-off versus Kyle Turris in Bruins zone.
6:48 of 1st period - Shot by Milan Lucic.
6:48 of 1st period - Stopped by Tuukka Rask without a rebound.
6:49 of 1st period - Kyle Turris wins face-off versus Nicklas Backstrom in Bruins zone.
8:05 of 1st period - Shot by Daniel Briere.
8:05 of 1st period - Stopped by Tuukka Rask without a rebound.
8:06 of 1st period - Daniel Briere wins face-off versus Kyle Turris in Bruins zone.
8:11 of 1st period - Shot by Dougie Hamilton.
8:11 of 1st period - Stopped by Tuukka Rask with a rebound.
8:13 of 1st period - Shot by Dougie Hamilton.
8:13 of 1st period - Shot Misses the Net.
8:15 of 1st period - Shot by Andrej Sekera.
8:15 of 1st period - Stopped by Tuukka Rask without a rebound.
8:16 of 1st period - Kyle Turris wins face-off versus Nicklas Backstrom in Bruins zone.
9:25 of 1st period - Shot by Daniel Briere.
9:25 of 1st period - Shot Misses the Net.
9:34 of 1st period - Dmitri Kalinin is hit by Dougie Hamilton and loses puck.
9:44 of 1st period - Icing by Daniel Briere.
9:45 of 1st period - Daniel Briere wins face-off versus John Tavares in Sabres zone.
10:12 of 1st period - Shot by J.P. Dumont.
10:12 of 1st period - Shot Misses the Net.
10:14 of 1st period - Shot by J.P. Dumont.
10:14 of 1st period - Shot Misses the Net.
10:16 of 1st period - Shot by James Van Riemsdyk.
10:16 of 1st period - Shot Misses the Net.
12:18 of 1st period - Icing by Alex Goligoski.
12:19 of 1st period - Alexander Frolov wins face-off versus Filip Forsberg in Bruins zone.
12:28 of 1st period - Shot by Dale Weise.
12:28 of 1st period - Shot Blocked by Connor Murphy.
13:48 of 1st period - Shot by Brad Marchand.
13:48 of 1st period - Shot Blocked by Mike Iggulden.
13:50 of 1st period - Shot by Brad Marchand.
13:50 of 1st period - Shot Misses the Net.
13:52 of 1st period - Shot by Brad Marchand.
13:52 of 1st period - Stopped by Jake Allen without a rebound.
13:53 of 1st period - Charlie Coyle wins face-off versus Nicklas Backstrom in Sabres zone.
14:08 of 1st period - Shot by Rickard Rakell.
14:08 of 1st period - Stopped by Jake Allen with a rebound.
14:10 of 1st period - Shot by Dmitri Kalinin.
14:10 of 1st period - Stopped by Jake Allen with a rebound.
14:24 of 1st period - Shot by Alex Goligoski.
14:24 of 1st period - Shot Misses the Net.
14:26 of 1st period - Shot by Dmitri Kalinin.
14:26 of 1st period - Shot Blocked by Jonathan Blum.
14:52 of 1st period - Shot by Dougie Hamilton.
14:52 of 1st period - Stopped by Tuukka Rask without a rebound.
14:53 of 1st period - Victor Rask wins face-off versus John Tavares in Bruins zone.
14:58 of 1st period - Shot by Mike Iggulden.
14:58 of 1st period - Deflect By Milan Lucic.
14:58 of 1st period - Stopped by Tuukka Rask without a rebound.
14:59 of 1st period - John Tavares wins face-off versus Alexander Frolov in Bruins zone.
14:59 of 1st period - John Tavares is hit by James Van Riemsdyk.
15:10 of 1st period - Off-side.
15:11 of 1st period - Kyle Turris wins face-off versus Victor Rask in neutral zone.
15:14 of 1st period - Andrej Sekera is hit by Brad Marchand and loses puck.
15:21 of 1st period - Shot by Phil Kessel.
15:21 of 1st period - Shot Misses the Net.
15:41 of 1st period - Shot by Brad Marchand.
15:41 of 1st period - Stopped by Jake Allen without a rebound.
15:42 of 1st period - John Tavares wins face-off versus Nicklas Backstrom in Sabres zone.
15:59 of 1st period - Shot by John Tavares.
15:59 of 1st period - Shot Blocked by Nicklas Backstrom.
16:01 of 1st period - Shot by Ryan McDonagh.
16:01 of 1st period - Shot Misses the Net.
16:41 of 1st period - Shot by Brad Marchand.
16:41 of 1st period - Stopped by Jake Allen without a rebound.
16:42 of 1st period - James Van Riemsdyk wins face-off versus Filip Forsberg in Sabres zone.
16:42 of 1st period - Alexander Frolov is hit by Travis Moen and loses puck.
16:53 of 1st period - Shot by Dale Weise.
16:53 of 1st period - Stopped by Jake Allen without a rebound.
16:54 of 1st period - Kyle Turris wins face-off versus Victor Rask in Sabres zone.
16:57 of 1st period - Shot by Brad Marchand.
16:57 of 1st period - Stopped by Jake Allen without a rebound.
16:58 of 1st period - Kyle Turris wins face-off versus J.P. Dumont in Sabres zone.
16:59 of 1st period - Shot by Phil Kessel.
16:59 of 1st period - Shot Misses the Net.
17:01 of 1st period - Shot by Dion Phaneuf.
17:01 of 1st period - Stopped by Jake Allen without a rebound.
17:02 of 1st period - Tyler Seguin wins face-off versus Alexander Frolov in Sabres zone.
17:25 of 1st period - Shot by Alexander Frolov.
17:25 of 1st period - Stopped by Tuukka Rask without a rebound.
17:26 of 1st period - Kyle Turris wins face-off versus Darren Helm in Bruins zone.
18:07 of 1st period - Shot by Daniel Briere.
18:07 of 1st period - Shot Blocked by Dion Phaneuf.
18:09 of 1st period - Shot by Daniel Briere.
18:09 of 1st period - Goal by Daniel Briere - Bruins : 0 - Sabres : 1.
18:10 of 1st period - John Tavares wins face-off versus Alexander Frolov in neutral zone.
18:19 of 1st period - Shot by Ryan McDonagh.
18:19 of 1st period - Stopped by Jake Allen with a rebound.
18:29 of 1st period - Shot by John Tavares.
18:29 of 1st period - Shot Misses the Net.
18:33 of 1st period - Shot by Tyler Seguin.
18:33 of 1st period - Stopped by Jake Allen without a rebound.
18:34 of 1st period - Victor Rask wins face-off versus Filip Forsberg in Sabres zone.
18:41 of 1st period - Shot by Milan Lucic.
18:41 of 1st period - Shot Misses the Net.
18:55 of 1st period - Shot by Alex Goligoski.
18:55 of 1st period - Stopped by Jake Allen without a rebound.
18:55 of 1st period - Minor Penalty to Radko Gudas for Slashing.
18:56 of 1st period - Kyle Turris wins face-off versus Daniel Briere in Sabres zone.
19:29 of 1st period - Shot by Dion Phaneuf.
19:29 of 1st period - Stopped by Jake Allen with a rebound.
19:31 of 1st period - Shot by Tyler Seguin.
19:31 of 1st period - Shot Misses the Net.
19:58 of 1st period - Off-side.
19:59 of 1st period - John Tavares wins face-off versus Nicklas Backstrom in neutral zone.
Goals for this period are 0 for Bruins vs 1 for Sabres.
Shots for this period are 14 for Bruins vs 15 for Sabres.

2nd period


0:01 of 2nd period - Daniel Briere wins face-off versus Kyle Turris in neutral zone.
0:13 of 2nd period - Shot by Dion Phaneuf.
0:13 of 2nd period - Stopped by Jake Allen without a rebound.
0:14 of 2nd period - Daniel Briere wins face-off versus John Tavares in Sabres zone.
1:04 of 2nd period - Filip Forsberg is hit by Radko Gudas and loses puck.
1:13 of 2nd period - Shot by Victor Rask.
1:13 of 2nd period - Stopped by Tuukka Rask without a rebound.
1:14 of 2nd period - Charlie Coyle wins face-off versus Daniel Briere in Bruins zone.
1:38 of 2nd period - Rickard Rakell is hit by Dougie Hamilton and loses puck.
2:34 of 2nd period - Shot by Dion Phaneuf.
2:34 of 2nd period - Shot Hit the Post.
2:36 of 2nd period - Shot by Tyler Seguin.
2:36 of 2nd period - Shot Misses the Net.
2:42 of 2nd period - Shot by Scott Gomez.
2:42 of 2nd period - Stopped by Jake Allen without a rebound.
2:43 of 2nd period - Victor Rask wins face-off versus Kyle Turris in Sabres zone.
2:43 of 2nd period - Victor Rask is hit by Brad Marchand.
2:55 of 2nd period - Shot by Milan Lucic.
2:55 of 2nd period - Stopped by Tuukka Rask with a rebound.
3:09 of 2nd period - Shot by Phil Kessel.
3:09 of 2nd period - Shot Misses the Net.
3:11 of 2nd period - Shot by Dmitri Kalinin.
3:11 of 2nd period - Shot Blocked by Victor Rask.
3:13 of 2nd period - Shot by Dmitri Kalinin.
3:13 of 2nd period - Stopped by Jake Allen without a rebound.
3:14 of 2nd period - James Van Riemsdyk wins face-off versus John Tavares in Sabres zone.
3:14 of 2nd period - J.P. Dumont is hit by Tyler Seguin and loses puck.
3:39 of 2nd period - Shot by James Van Riemsdyk.
3:39 of 2nd period - Stopped by Tuukka Rask without a rebound.
3:40 of 2nd period - Filip Forsberg wins face-off versus Daniel Briere in Bruins zone.
4:15 of 2nd period - Icing by Alex Goligoski.
4:16 of 2nd period - Alexander Frolov wins face-off versus Filip Forsberg in Bruins zone.
4:16 of 2nd period - Brent Seabrook is hit by Alex Goligoski.
4:44 of 2nd period - James Van Riemsdyk is hit by Brent Burns and loses puck.
5:49 of 2nd period - Shot by Victor Rask.
5:49 of 2nd period - Stopped by Tuukka Rask without a rebound.
5:50 of 2nd period - Daniel Briere wins face-off versus Phil Kessel in Bruins zone.
7:04 of 2nd period - J.P. Dumont is hit by Alex Goligoski.
7:12 of 2nd period - Shot by J.P. Dumont.
7:12 of 2nd period - Shot Misses the Net.
7:14 of 2nd period - Shot by Alexander Frolov.
7:14 of 2nd period - Shot Blocked by Dmitri Kalinin.
7:16 of 2nd period - Shot by Alexander Frolov.
7:16 of 2nd period - Goal by Alexander Frolov - Bruins : 0 - Sabres : 2.
7:17 of 2nd period - Victor Rask wins face-off versus Charlie Coyle in neutral zone.
7:55 of 2nd period - Mike Iggulden is hit by Brent Burns and loses puck.
7:58 of 2nd period - Shot by Victor Rask.
7:58 of 2nd period - Stopped by Tuukka Rask without a rebound.
7:59 of 2nd period - Kyle Turris wins face-off versus Daniel Briere in Bruins zone.
8:12 of 2nd period - Dion Phaneuf is hit by Daniel Briere and loses puck.
8:37 of 2nd period - Shot by Daniel Briere.
8:37 of 2nd period - Stopped by Tuukka Rask without a rebound.
8:38 of 2nd period - John Tavares wins face-off versus Alexander Frolov in Bruins zone.
9:32 of 2nd period - Icing by Alex Goligoski.
9:33 of 2nd period - Daniel Briere wins face-off versus John Tavares in Bruins zone.
9:38 of 2nd period - Shot by Daniel Briere.
9:38 of 2nd period - Stopped by Tuukka Rask without a rebound.
9:39 of 2nd period - Darren Helm wins face-off versus Kyle Turris in Bruins zone.
10:43 of 2nd period - Dion Phaneuf is hit by Dougie Hamilton and loses puck.
10:46 of 2nd period - Shot by Travis Moen.
10:46 of 2nd period - Stopped by Jake Allen without a rebound.
10:47 of 2nd period - John Tavares wins face-off versus Alexander Frolov in Sabres zone.
11:00 of 2nd period - Shot by J.P. Dumont.
11:00 of 2nd period - Shot Misses the Net.
11:15 of 2nd period - Off-side.
11:16 of 2nd period - Victor Rask wins face-off versus Filip Forsberg in neutral zone.
11:19 of 2nd period - Shot by Mike Iggulden.
11:19 of 2nd period - Stopped by Tuukka Rask without a rebound.
11:20 of 2nd period - Kyle Turris wins face-off versus Milan Lucic in Bruins zone.
11:20 of 2nd period - Kyle Turris is hit by Mike Iggulden.
11:23 of 2nd period - Minor Penalty to Mike Iggulden for Tripping.
11:24 of 2nd period - Kyle Turris wins face-off versus J.P. Dumont in Sabres zone.
12:06 of 2nd period - Shot by Dion Phaneuf.
12:06 of 2nd period - Deflect By Scott Gomez.
12:06 of 2nd period - Stopped by Jake Allen without a rebound.
12:07 of 2nd period - John Tavares wins face-off versus Nicklas Backstrom in Sabres zone.
12:16 of 2nd period - Shot by Alex Goligoski.
12:16 of 2nd period - Stopped by Jake Allen without a rebound.
12:17 of 2nd period - Daniel Briere wins face-off versus John Tavares in Sabres zone.
12:28 of 2nd period - Dougie Hamilton is hit by John Tavares and loses puck.
12:47 of 2nd period - Shot by John Tavares.
12:47 of 2nd period - Stopped by Jake Allen without a rebound.
12:48 of 2nd period - Nicklas Backstrom wins face-off versus Kyle Turris in Sabres zone.
12:48 of 2nd period - Nicklas Backstrom is hit by Dion Phaneuf.
13:29 of 2nd period - Alex Goligoski is hit by Radko Gudas and loses puck.
14:15 of 2nd period - Minor Penalty to Charlie Coyle for High sticking.
14:16 of 2nd period - Kyle Turris wins face-off versus Daniel Briere in Bruins zone.
14:16 of 2nd period - Kyle Turris is hit by Daniel Briere.
15:36 of 2nd period - Shot by Andrej Sekera.
15:36 of 2nd period - Stopped by Tuukka Rask without a rebound.
15:37 of 2nd period - Nicklas Backstrom wins face-off versus Kyle Turris in Bruins zone.
15:54 of 2nd period - Shot by Alexander Frolov.
15:54 of 2nd period - Shot Misses the Net.
16:32 of 2nd period - Alex Goligoski is hit by Radko Gudas and loses puck.
16:40 of 2nd period - Rickard Rakell is hit by Radko Gudas and loses puck.
16:50 of 2nd period - Rickard Rakell is hit by Radko Gudas.
16:55 of 2nd period - Rickard Rakell is hit by Radko Gudas and loses puck.
16:57 of 2nd period - Minor Penalty to Radko Gudas for Interference.
16:58 of 2nd period - John Tavares wins face-off versus Nicklas Backstrom in Sabres zone.
16:59 of 2nd period - Shot by Phil Kessel.
16:59 of 2nd period - Stopped by Jake Allen without a rebound.
17:00 of 2nd period - Daniel Briere wins face-off versus Kyle Turris in Sabres zone.
17:00 of 2nd period - Daniel Briere is hit by Dion Phaneuf.
17:16 of 2nd period - Shot by Dion Phaneuf.
17:16 of 2nd period - Stopped by Jake Allen without a rebound.
17:17 of 2nd period - John Tavares wins face-off versus Milan Lucic in Sabres zone.
17:17 of 2nd period - John Tavares is hit by Connor Murphy.
17:41 of 2nd period - Shot by John Tavares.
17:41 of 2nd period - Stopped by Jake Allen without a rebound.
17:42 of 2nd period - Nicklas Backstrom wins face-off versus Kyle Turris in Sabres zone.
18:41 of 2nd period - Shot by Brad Marchand.
18:41 of 2nd period - Shot Blocked by Connor Murphy.
18:43 of 2nd period - Shot by Dion Phaneuf.
18:43 of 2nd period - Shot Misses the Net.
18:45 of 2nd period - Shot by Dion Phaneuf.
18:45 of 2nd period - Stopped by Jake Allen with a rebound.
18:57 of 2nd period - Shot by Brad Marchand.
18:57 of 2nd period - Stopped by Jake Allen without a rebound.
18:58 of 2nd period - Alexander Frolov wins face-off versus Filip Forsberg in Sabres zone.
18:58 of 2nd period - J.P. Dumont is hit by Travis Moen and loses puck.
19:14 of 2nd period - Andrej Sekera is hit by Travis Moen and loses puck.
19:24 of 2nd period - Minor Penalty to Travis Moen for Goalie Interference.
19:25 of 2nd period - Kyle Turris wins face-off versus James Van Riemsdyk in Bruins zone.
19:25 of 2nd period - Kyle Turris is hit by Daniel Briere.
19:35 of 2nd period - Daniel Briere is hit by Kyle Turris and loses puck.
Goals for this period are 0 for Bruins vs 1 for Sabres.
Shots for this period are 12 for Bruins vs 10 for Sabres.

3rd period


0:01 of 3rd period - Kyle Turris wins face-off versus Nicklas Backstrom in neutral zone.
0:36 of 3rd period - Shot by Brent Seabrook.
0:36 of 3rd period - Stopped by Tuukka Rask with a rebound.
0:38 of 3rd period - Shot by Nicklas Backstrom.
0:38 of 3rd period - Shot Misses the Net.
1:12 of 3rd period - Shot by J.P. Dumont.
1:12 of 3rd period - Shot Blocked by Dion Phaneuf.
1:14 of 3rd period - Shot by Andrej Sekera.
1:14 of 3rd period - Goal by Andrej Sekera - Bruins : 0 - Sabres : 3.
1:15 of 3rd period - Daniel Briere wins face-off versus Charlie Coyle in neutral zone.
1:18 of 3rd period - Shot by Janne Lahti.
1:18 of 3rd period - Shot Misses the Net.
1:24 of 3rd period - Shot by Daniel Briere.
1:24 of 3rd period - Stopped by Tuukka Rask without a rebound.
1:25 of 3rd period - Victor Rask wins face-off versus Filip Forsberg in Bruins zone.
2:23 of 3rd period - Icing by John Tavares.
2:24 of 3rd period - Daniel Briere wins face-off versus John Tavares in Bruins zone.
2:29 of 3rd period - Shot by Daniel Briere.
2:29 of 3rd period - Stopped by Tuukka Rask with a rebound.
2:31 of 3rd period - Shot by Daniel Briere.
2:31 of 3rd period - Shot Misses the Net.
2:33 of 3rd period - Shot by Nicklas Backstrom.
2:33 of 3rd period - Stopped by Tuukka Rask without a rebound.
2:34 of 3rd period - Kyle Turris wins face-off versus Daniel Briere in Bruins zone.
2:36 of 3rd period - Brad Marchand is hit by Daniel Briere and loses puck.
2:43 of 3rd period - Daniel Briere is hit by Brad Marchand.
2:55 of 3rd period - Nicklas Backstrom is hit by Brad Marchand.
3:05 of 3rd period - Shot by Daniel Briere.
3:05 of 3rd period - Stopped by Tuukka Rask without a rebound.
3:06 of 3rd period - Alexander Frolov wins face-off versus John Tavares in Bruins zone.
3:13 of 3rd period - Shot by Alexander Frolov.
3:13 of 3rd period - Stopped by Tuukka Rask with a rebound.
4:07 of 3rd period - Shot by Phil Kessel.
4:07 of 3rd period - Stopped by Jake Allen without a rebound.
4:08 of 3rd period - Daniel Briere wins face-off versus Filip Forsberg in Sabres zone.
4:08 of 3rd period - Daniel Briere is hit by Travis Moen.
4:13 of 3rd period - Minor Penalty to Daniel Briere for Interference.
4:14 of 3rd period - John Tavares wins face-off versus Milan Lucic in Sabres zone.
4:15 of 3rd period - Shot by Brad Marchand.
4:15 of 3rd period - Stopped by Jake Allen without a rebound.
4:16 of 3rd period - John Tavares wins face-off versus Milan Lucic in Sabres zone.
4:19 of 3rd period - Shot by Phil Kessel.
4:19 of 3rd period - Stopped by Jake Allen without a rebound.
4:20 of 3rd period - Milan Lucic wins face-off versus Kyle Turris in Sabres zone.
5:10 of 3rd period - Nicklas Backstrom is hit by Tyler Seguin and loses puck.
5:50 of 3rd period - Shot by Brad Marchand.
5:50 of 3rd period - Stopped by Jake Allen without a rebound.
5:51 of 3rd period - John Tavares wins face-off versus Nicklas Backstrom in Sabres zone.
6:06 of 3rd period - Icing by Brad Marchand.
6:07 of 3rd period - Nicklas Backstrom wins face-off versus John Tavares in Bruins zone.
6:15 of 3rd period - J.P. Dumont is hit by Dion Phaneuf and loses puck.
6:29 of 3rd period - Minor Penalty to Dion Phaneuf for Roughing.
6:30 of 3rd period - Daniel Briere wins face-off versus John Tavares in Bruins zone.
6:35 of 3rd period - Shot by Daniel Briere.
6:35 of 3rd period - The goal is going for a video replay.
6:35 of 3rd period - The goal is refused.
6:36 of 3rd period - Nicklas Backstrom wins face-off versus Kyle Turris in Bruins zone.
6:53 of 3rd period - Shot by Milan Lucic.
6:53 of 3rd period - Shot Misses the Net.
7:33 of 3rd period - J.P. Dumont is hit by Ryan McDonagh and loses puck.
8:27 of 3rd period - Shot by Alexander Frolov.
8:27 of 3rd period - Shot Blocked by Alex Goligoski.
9:14 of 3rd period - Icing by Dion Phaneuf.
9:15 of 3rd period - Victor Rask wins face-off versus Charlie Coyle in Bruins zone.
9:31 of 3rd period - Icing by Dion Phaneuf.
9:32 of 3rd period - Alexander Frolov wins face-off versus Charlie Coyle in Bruins zone.
9:39 of 3rd period - Shot by Alexander Frolov.
9:39 of 3rd period - Shot Misses the Net.
9:58 of 3rd period - James Van Riemsdyk is hit by Ryan McDonagh.
10:55 of 3rd period - Shot by Milan Lucic.
10:55 of 3rd period - Shot Misses the Net.
10:57 of 3rd period - Shot by Brent Seabrook.
10:57 of 3rd period - Stopped by Tuukka Rask without a rebound.
10:58 of 3rd period - John Tavares wins face-off versus Daniel Briere in Bruins zone.
11:20 of 3rd period - John Tavares is hit by Radko Gudas and loses puck.
11:35 of 3rd period - Shot by Nicklas Backstrom.
11:35 of 3rd period - Stopped by Tuukka Rask without a rebound.
11:36 of 3rd period - Alexander Frolov wins face-off versus Kyle Turris in Bruins zone.
11:36 of 3rd period - Alexander Frolov is hit by Ryan McDonagh.
11:44 of 3rd period - Shot by James Van Riemsdyk.
11:44 of 3rd period - Stopped by Tuukka Rask without a rebound.
11:45 of 3rd period - Kyle Turris wins face-off versus Alexander Frolov in Bruins zone.
11:45 of 3rd period - Kyle Turris is hit by James Van Riemsdyk.
11:55 of 3rd period - Icing by Brent Seabrook.
11:56 of 3rd period - John Tavares wins face-off versus Alexander Frolov in Sabres zone.
12:03 of 3rd period - Shot by Tyler Seguin.
12:03 of 3rd period - Shot Misses the Net.
12:06 of 3rd period - Icing by Connor Murphy.
12:07 of 3rd period - Alexander Frolov wins face-off versus Kyle Turris in Sabres zone.
12:32 of 3rd period - Shot by Phil Kessel.
12:32 of 3rd period - Stopped by Jake Allen without a rebound.
12:33 of 3rd period - Daniel Briere wins face-off versus John Tavares in Sabres zone.
12:35 of 3rd period - Icing by Dougie Hamilton.
12:36 of 3rd period - John Tavares wins face-off versus Daniel Briere in Sabres zone.
12:36 of 3rd period - Tyler Seguin is hit by Dougie Hamilton and loses puck.
12:48 of 3rd period - Andrej Sekera is hit by Tyler Seguin and loses puck.
12:57 of 3rd period - Shot by Dougie Hamilton.
12:57 of 3rd period - Shot Misses the Net.
12:59 of 3rd period - Shot by Nicklas Backstrom.
12:59 of 3rd period - Shot Misses the Net.
13:35 of 3rd period - Shot by J.P. Dumont.
13:35 of 3rd period - Stopped by Tuukka Rask without a rebound.
13:36 of 3rd period - Victor Rask wins face-off versus Kyle Turris in Bruins zone.
13:43 of 3rd period - Shot by Victor Rask.
13:43 of 3rd period - Stopped by Tuukka Rask without a rebound.
13:44 of 3rd period - Kyle Turris wins face-off versus Alexander Frolov in Bruins zone.
13:48 of 3rd period - Icing by Brent Burns.
13:49 of 3rd period - Alexander Frolov wins face-off versus Kyle Turris in Bruins zone.
13:54 of 3rd period - Shot by J.P. Dumont.
13:54 of 3rd period - Stopped by Tuukka Rask without a rebound.
13:55 of 3rd period - Kyle Turris wins face-off versus Daniel Briere in Bruins zone.
14:20 of 3rd period - Shot by Phil Kessel.
14:20 of 3rd period - Shot Blocked by Connor Murphy.
14:25 of 3rd period - Nicklas Backstrom is hit by Brad Marchand and loses puck.
14:38 of 3rd period - Shot by Darren Helm.
14:38 of 3rd period - Shot Misses the Net.
14:49 of 3rd period - Off-side.
14:50 of 3rd period - Alexander Frolov wins face-off versus John Tavares in neutral zone.
15:20 of 3rd period - Tyler Seguin is hit by Andrej Sekera and loses puck.
15:23 of 3rd period - Shot by Tyler Seguin.
15:23 of 3rd period - Stopped by Jake Allen without a rebound.
15:24 of 3rd period - Victor Rask wins face-off versus Filip Forsberg in Sabres zone.
15:24 of 3rd period - Victor Rask is hit by Travis Moen.
15:38 of 3rd period - Shot by Filip Forsberg.
15:38 of 3rd period - Shot Misses the Net.
15:40 of 3rd period - Shot by Dale Weise.
15:40 of 3rd period - Shot Misses the Net.
15:42 of 3rd period - Shot by Filip Forsberg.
15:42 of 3rd period - Shot Misses the Net.
16:54 of 3rd period - Shot by Phil Kessel.
16:54 of 3rd period - Shot Misses the Net.
17:06 of 3rd period - Shot by Nicklas Backstrom.
17:06 of 3rd period - Stopped by Tuukka Rask with a rebound.
17:31 of 3rd period - Brad Marchand is hit by James Van Riemsdyk and loses puck.
17:44 of 3rd period - Shot by James Van Riemsdyk.
17:44 of 3rd period - Shot Blocked by Brent Burns.
17:46 of 3rd period - Shot by Dougie Hamilton.
17:46 of 3rd period - Shot Blocked by Brent Burns.
17:48 of 3rd period - Shot by James Van Riemsdyk.
17:48 of 3rd period - Stopped by Tuukka Rask without a rebound.
17:49 of 3rd period - Janne Lahti wins face-off versus Tyler Seguin in Bruins zone.
18:16 of 3rd period - Shot by Tyler Seguin.
18:16 of 3rd period - Shot Misses the Net.
18:18 of 3rd period - Shot by Tommy Cross.
18:18 of 3rd period - Shot Misses the Net.
18:22 of 3rd period - Shot by Tyler Seguin.
18:22 of 3rd period - Deflect By John Tavares.
18:22 of 3rd period - Shot Blocked by Cory Conacher.
18:24 of 3rd period - Shot by Dion Phaneuf.
18:24 of 3rd period - Shot Misses the Net.
18:26 of 3rd period - Shot by Dion Phaneuf.
18:26 of 3rd period - Stopped by Jake Allen without a rebound.
18:27 of 3rd period - Filip Forsberg wins face-off versus Victor Rask in Sabres zone.
18:27 of 3rd period - Filip Forsberg is hit by Brent Seabrook.
18:28 of 3rd period - Double Minor Penalty to Brent Seabrook for High sticking.
18:29 of 3rd period - Rickard Rakell wins face-off versus J.P. Dumont in Sabres zone.
19:25 of 3rd period - Shot by Phil Kessel.
19:25 of 3rd period - Shot Misses the Net.
19:27 of 3rd period - Shot by Dion Phaneuf.
19:27 of 3rd period - Deflect By John Tavares.
19:27 of 3rd period - Goal by John Tavares - Bruins : 1 - Sabres : 3.
19:28 of 3rd period - Kyle Turris wins face-off versus Nicklas Backstrom in neutral zone.
19:33 of 3rd period - Shot by Brent Burns.
19:33 of 3rd period - Shot Misses the Net.
19:35 of 3rd period - Shot by Dion Phaneuf.
19:35 of 3rd period - Stopped by Jake Allen without a rebound.
19:36 of 3rd period - John Tavares wins face-off versus J.P. Dumont in Sabres zone.
19:37 of 3rd period - Shot by Dion Phaneuf.
19:37 of 3rd period - Stopped by Jake Allen without a rebound.
19:38 of 3rd period - Daniel Briere wins face-off versus Phil Kessel in Sabres zone.
19:38 of 3rd period - Daniel Briere is hit by John Tavares.
19:49 of 3rd period - Shot by John Tavares.
19:49 of 3rd period - Deflect By Brad Marchand.
19:49 of 3rd period - Shot Misses the Net.
19:53 of 3rd period - Shot by Brent Burns.
19:53 of 3rd period - Shot Misses the Net.
19:59 of 3rd period - Shot by Brent Burns.
19:59 of 3rd period - Shot Misses the Net.
Goals for this period are 1 for Bruins vs 1 for Sabres.
Shots for this period are 10 for Bruins vs 16 for Sabres.